[Event "Early-Titled-Tuesday-Blitz-December-26-2023"]
[Site "Chess.com"]
[Date "2023.12.26"]
[Round "2"]
[White "IlanSchnaider"]
[Black "ChessArchitect64"]
[Result "1-0"]
[WhiteElo "2692"]
[BlackElo "2278"]
[TimeControl "180+1"]
[EndTime "8:15:22 PST"]
[Termination "IlanSchnaider won by resignation"]

1. e4 e5 2. Nf3 Nf6 3. d4 Nxe4 4.
Bd3 d5 5. Nxe5 Nd7 6. Nc3 Nxc3 7.
bxc3 Nxe5 8. dxe5 Be7 9. O-O Be6 10. f4 g6 11. Rb1 Qc8 12. a4 c6 13. Kh1 h5 14. a5 Qc7 15. Be3 a6 16. f5 gxf5 17. Bxf5 c5 18. Rb6 Bxf5 19. Rxf5 O-O-O 20. Rxf7 Qxe5 21. Bf4 Qe4 22. Qb1 Rhf8 23. Rxb7 Qxf4 24. Rxf4 Rxf4 25. Rxe7 Rd7 26. Re8+ Rd8 27. Rxd8+ Kxd8 28. Qb8+ 1-0

[Event "Early-Titled-Tuesday-Blitz-December-26-2023"]
[Site "Chess.com"]
[Date "2023.12.26"]
[Round "2"]
[White "Kotofeyca"]
[Black "maciek_92"]
[Result "0-1"]
[WhiteElo "2424"]
[BlackElo "2863"]
[TimeControl "180+1"]
[EndTime "8:15:27 PST"]
[Termination "maciek_92 won by resignation"]

1. d4 Nf6 2. c4 d6 3. Nc3 Nbd7 4. e4 e5 5. Nf3 Be7 6. Be2 O-O 7. O-O Re8 8. h3 Bf8 9. d5 c6 10. Be3 a6 11. Qd2 g6 12. Rfd1 Qc7 13. dxc6 bxc6 14.
Qc2 a5 15. Na4 Nc5 16. Nxc5 dxc5 17. Ne1 Be6 18. Rd2 a4 19. Bg5 Nd7 20. Nd3 f6 21. Be3 Qa5 22. Bg4 f5 23. exf5 gxf5 24. Bh5 Reb8 25.
f4 e4 26. Nf2 Bg7 27. Re1 Rxb2 28. Qc1 Rab8 29. g4 Nf6 30. Rxb2 Rxb2 31. Qxb2 Qxe1+ 32. Kg2 Qxe3 33. Qe5 Qxf2+ 34. Kxf2 Nxg4+ 35. hxg4 Bxe5 36. fxe5 f4 37. Be8 a3 38. Bxc6 e3+ 39. Kf3 Bxg4+ 0-1

[Event "Early-Titled-Tuesday-Blitz-December-26-2023"]
[Site "Chess.com"]
[Date "2023.12.26"]
[Round "2"]
[White "Herzog2012"]
[Black "ValentunHulka"]
[Result "0-1"]
[WhiteElo "2528"]
[BlackElo "2751"]
[TimeControl "180+1"]
[EndTime "8:15:30 PST"]
[Termination "ValentunHulka won by resignation"]

1. e4 c5 2. Nf3 Nc6 3. d4 cxd4 4. Nxd4 Nf6 5. Nc3 e5 6. Ndb5 d6 7. Nd5 Nxd5 8. exd5 Ne7 9. c3 Nf5 10. a4 Be7 11. Bd3 O-O 12. O-O Nh4 13. f4 exf4 14.
Bxf4 Ng6 15. Bxg6 hxg6 16. Kh1 a6 17. Na3 Bf5 18. Nc4 Rc8 19. Ne3 Be4 20. a5 f5 21. Nc2 Rc5 22. Nd4 Qc8 23. Re1 Bf6 24.
Qb3 Bxd4 25. cxd4 Rc2 26. Rg1 Qd7 27. Qb6 Rfc8 28. Qxd6 Qxd6 29. Bxd6 Rxb2 30. Bc5 Bxd5 31. Rab1 Bxg2+ 0-1

[Event "Early-Titled-Tuesday-Blitz-December-26-2023"]
[Site "Chess.com"]
[Date "2023.12.26"]
[Round "2"]
[White "BashirliSaadat"]
[Black "Gyulamiryan-koryun"]
[Result "1-0"]
[WhiteElo "2437"]
[BlackElo "2005"]
[TimeControl "180+1"]
[EndTime "8:15:31 PST"]
[Termination "BashirliSaadat won on time"]

1. e4 c5 2. Nf3 d6 3. Bb5+ Bd7 4. Bxd7+ Qxd7 5. c4 Nc6 6. Nc3 Nf6 7. O-O g6 8. d4 cxd4 9. Nxd4 Bg7 10. h3 O-O 11. Be3 a6 12. Qd2 e6 13. Rfd1 d5 14. cxd5 exd5 15. exd5 Nxd5 16. Nde2 Rad8 17. Nxd5 Qe6 18. Nef4 Qe4 19. Nc3 Rxd2 20. Nxe4 Rxb2 21. Nd5 Rc2 22. Rab1 b5 23. Rdc1 Rxc1+ 24. Rxc1 Ne5 25. Ndf6+ Bxf6 26. Nxf6+ Kg7 27. Bd4 Kxf6 28. f4 1-0

[Event "Early-Titled-Tuesday-Blitz-December-26-2023"]
[Site "Chess.com"]
[Date "2023.12.26"]
[Round "2"]
[White "Dewarfd"]
[Black "DucksParadise"]
[Result "0-1"]
[WhiteElo "2099"]
[BlackElo "2475"]
[TimeControl "180+1"]
[EndTime "8:15:33 PST"]
[Termination "DucksParadise won by resignation"]

1. d4 f5 2. e3 Nf6 3. Nf3 g6 4. Be2 Bg7 5. O-O O-O 6. c4 d6 7. b4 e5 8. dxe5 dxe5 9. Qxd8 Rxd8 10. Bb2 e4 11. Ng5 a5 12. a3 axb4 13. axb4 Rxa1 14. Bxa1 h6 15. Nh3 Na6 16. Bc3 Nd7 17. b5 Nac5 18. Nf4 Kf7 19. Nd5 Bxc3 20. Nbxc3 c6 21. bxc6 bxc6 22.
Nb4 Ne5 23. Rd1 Rxd1+ 24. Nxd1 Be6 25. Nb2 Ke7 26. Kf1 Kd6 27. Ke1 Nb3 28. Bd1 Na5 29.
Be2 Nexc4 30. Nxc4+ Nxc4 31. Bxc4 Bxc4 32. Kd2 Bf1 33.
g3 c5 34. Nc2 Ke5 35. Kc3 Kf6 36. h4 g5 37. hxg5+ Kxg5 38. Kd2 Kg4 39. Ke1 Bd3 40. Na1 c4 41. Kd2 Kf3 42. Ke1 h5 43. g4 hxg4 44. Nc2 Bxc2 45. Kd2 Bd3 0-1

[Event "Early-Titled-Tuesday-Blitz-December-26-2023"]
[Site "Chess.com"]
[Date "2023.12.26"]
[Round "2"]
[White "Alexei_Gubajdullin"]
[Black "Hikaru"]
[Result "0-1"]
[WhiteElo "2661"]
[BlackElo "3221"]
[TimeControl "180+1"]
[EndTime "8:15:34 PST"]
[Termination "Hikaru won by resignation"]

1. d4 g6 2. Nf3 Bg7 3. Bf4 c5 4. e3 Qb6 5. Nc3 cxd4 6. exd4 d6 7. a3 Bg4 8. Bb5+ Nc6 9. Nd5 Qd8 10. c3 a6 11. Ba4 b5 12. Bc2 Nf6 13. Nxf6+ Bxf6 14. Bh6 Qd7 15. O-O g5 16. Qd3 Rg8 17. d5 Ne5 18.
Nxe5 dxe5 19. a4 Rg6 20. axb5 Rxh6 21. Rxa6 Rd8 22. c4 Qc7 23. b6 Qb8 24. Qg3 Bc8 25.
Ba4+ Kf8 26. b7 Qxb7 27. Bb5 Bd7 28. Rfa1 Bxb5 29. cxb5 Qxb5 30. Ra8 Qxd5 31. Rxd8+ Qxd8 32. h4 Rxh4 33. b3 Kg7 0-1

[Event "Early-Titled-Tuesday-Blitz-December-26-2023"]
[Site "Chess.com"]
[Date "2023.12.26"]
[Round "2"]
[White "Yurasova_Daria"]
[Black "Aradhya2000"]
[Result "0-1"]
[WhiteElo "2463"]
[BlackElo "2715"]
[TimeControl "180+1"]
[EndTime "8:15:34 PST"]
[Termination "Aradhya2000 won by resignation"]

1. d4 d5 2. Nf3 Nf6 3. c4 e6 4. g3 dxc4 5. Bg2 Bd7 6. O-O Bc6 7.
Nc3 Be7 8. Bg5 O-O 9. Bxf6 Bxf6 10.
e3 b5 11. a4 b4 12. Ne2 Be4 13. Rc1 Qd5 14. Nf4 Qc6 15. Nh5 Nd7 16. Nxf6+ gxf6 17.
Rxc4 Qxc4 18. Nd2 Bxg2 19. Nxc4 Bxf1 20. Kxf1 f5 21. Qh5 Kh8 22. Qh4 Rae8 23. Ne5 Nxe5 24. dxe5 Rg8 25. Qf6+ Rg7 26. h4 Kg8 27. h5 c5 28. Kg2 c4 29. Qh4 Rg4 30. Qh1 c3 31. bxc3 bxc3 32. Qc1 Rc8 33. Qc2 h6 34. f4 a5 35. Kf3 Kh8 36. Kf2 Rgg8 37. Kf3 Rgd8 38. Qh2 c2 39. Qh4 c1=Q 40. Qf6+ Kg8 0-1

[Event "Early-Titled-Tuesday-Blitz-December-26-2023"]
[Site "Chess.com"]
[Date "2023.12.26"]
[Round "2"]
[White "ChessSG1"]
[Black "Legendinunknown"]
[Result "0-1"]
[WhiteElo "2442"]
[BlackElo "2709"]
[TimeControl "180+1"]
[EndTime "8:15:39 PST"]
[Termination "Legendinunknown won on time"]

1. Nf3 Nf6 2. c4 g6 3. g3 Bg7 4.
Bg2 O-O 5. O-O d6 6. Nc3 e5 7. Rb1 a5 8. a3 Nc6 9. b4 Be6 10. d3 axb4 11. axb4 h6 12. b5 Ne7 13. Bb2 Qd7 14. Re1 Bh3 15. Bh1 Nh5 16. Ra1 f5 17. Rxa8 Rxa8 18. Qb3 Kh7 19. Nd5 Nxd5 20. cxd5 Ra5 21. b6 Rb5 22. Qa4 cxb6 23. Nd2 Nf6 24.
Nc4 f4 25. Na3 Rxb2 26. Qd1 b5 27. Qc1 Rb3 28. Nc2 Rc3 29. Qb2 Rc5 30. d4 exd4 31.
Nxd4 Nxd5 32. e3 fxe3 33. fxe3 Qe8 0-1

[Event "Early-Titled-Tuesday-Blitz-December-26-2023"]
[Site "Chess.com"]
[Date "2023.12.26"]
[Round "2"]
[White "Eternauta2400"]
[Black "jeetjain"]
[Result "1-0"]
[WhiteElo "2808"]
[BlackElo "2568"]
[TimeControl "180+1"]
[EndTime "8:15:41 PST"]
[Termination "Eternauta2400 won by checkmate"]

1. c4 Nf6 2. Nc3 g6 3. g3 Bg7 4. Bg2 O-O 5. d4 d6 6. Nf3 c6 7.
O-O Nbd7 8. e4 e5 9. h3 a5 10. Be3 Re8 11. Re1 Qc7 12. Qc2 b6 13. d5 c5 14. a3 Ba6 15. Nd2 Rf8 16. Nb5 Bxb5 17. cxb5 Ne8 18. Nc4 f5 19. exf5 gxf5 20. f4 e4 21.
Rad1 Nef6 22. Qe2 Rae8 23. g4 fxg4 24. hxg4 Re7 25. g5 Ne8 26. Bh3 Kh8 27. Qh5 Qd8 28.
Kg2 Nc7 29. Nxd6 Nb8 30. Nf5 Nxb5 31. Nxe7 Qxe7 32. Be6 Nd6 33. Rh1 Bxb2 34. g6 Kg7 35. Qh6+ Kf6 36. g7# 1-0

[Event "Early-Titled-Tuesday-Blitz-December-26-2023"]
[Site "Chess.com"]
[Date "2023.12.26"]
[Round "2"]
[White "tantaan"]
[Black "campochess"]
[Result "0-1"]
[WhiteElo "2466"]
[BlackElo "2176"]
[TimeControl "180+1"]
[EndTime "8:15:44 PST"]
[Termination "campochess won by resignation"]

1. e4 c5 2. Nc3 Nc6 3. Bb5 e6 4. Bxc6 bxc6 5. d3 d5 6. Bd2 Nf6 7. f4 Nd7 8. Nf3 Be7 9. O-O O-O 10. b3 f5 11. Qe1 Nf6 12. Rd1 d4 13. Na4 fxe4 14.
dxe4 Ba6 15. c4 Bc8 16. e5 Ng4 17. Qg3 Nh6 18. Ne1 Nf5 19. Qf2 h5 20. Nd3 Bh4 21.
Qf3 g6 22. Qxc6 Bd7 23. Qxc5 Bxa4 24. bxa4 Qd7 25. Qb5 Qc7 26. c5 Rab8 27. Qc4 Qf7 28. Ne1 Rfc8 29. Nf3 Be7 30. c6 Rb6 31. Nxd4 Nxd4 32.
Qxd4 Rbxc6 33. Qxa7 Bc5+ 34. Qxc5 Rxc5 35. Be3 Rc2 36.
a5 Qb7 37. Rf2 Rxf2 38. Bxf2 Rc2 0-1

[Event "Early-Titled-Tuesday-Blitz-December-26-2023"]
[Site "Chess.com"]
[Date "2023.12.26"]
[Round "2"]
[White "LeoLV10"]
[Black "Korchmar_Vasiliy"]
[Result "0-1"]
[WhiteElo "2494"]
[BlackElo "2772"]
[TimeControl "180+1"]
[EndTime "8:15:46 PST"]
[Termination "Korchmar_Vasiliy won on time"]

1. e4 c5 2. Nf3 d6 3. d4 cxd4 4.
Nxd4 Nf6 5. Nc3 Nc6 6. Bg5 Bd7 7.
Qd3 Rc8 8. f4 Nb4 9. Qd2 Qb6 10.
a3 Qxd4 11. axb4 Qxb4 12. Bxf6 gxf6 13. Rxa7 Qxb2 14. Nd5 e6 15. Ne3 d5 16. c3 Qb1+ 17. Kf2 Bc5 18. Ra5 Qxe4 19. Rxc5 Qxf4+ 20. Ke1 Rxc5 21. Be2 O-O 22. Rf1 Qg5 23. g3 f5 24. h4 Qg7 25.
Kf2 Qxc3 26. Qd1 Rfc8 27. Ng2 Qe5 28. Nf4 Rc2 29. Qd3 R8c3 30. Qd1 Bb5 31. Re1 Qe3+ 32. Kf1 Qxg3 0-1

[Event "Early-Titled-Tuesday-Blitz-December-26-2023"]
[Site "Chess.com"]
[Date "2023.12.26"]
[Round "2"]
[White "GoValya"]
[Black "ozates"]
[Result "0-1"]
[WhiteElo "2272"]
[BlackElo "2606"]
[TimeControl "180+1"]
[EndTime "8:15:46 PST"]
[Termination "ozates won by resignation"]

1. d4 Nf6 2. c4 g6 3. Nc3 Bg7 4. e4 d6 5. Nf3 O-O 6. Be2 e5 7.
O-O Nc6 8. d5 Ne7 9. b4 a5 10.
Rb1 axb4 11. Rxb4 Nd7 12. Be3 h6 13. Qc1 Kh7 14. a4 b6 15. Nb5 f5 16. exf5 gxf5 17. Bg5 Nc5 18. Bxe7 Qxe7 19. Qc2 e4 20. Nfd4 f4 21.
Nc6 Qg5 22. Bf3 Bf5 23. h4 Qg6 24. Bd1 f3 25. g3 e3 26. Qa2 e2 27. Bxe2 fxe2 28.
Qxe2 Rae8 29. Qa2 Be4 30. Nxc7 Qg4 31. Nxe8 Qf3 32. Nf6+ Rxf6 0-1

[Event "Early-Titled-Tuesday-Blitz-December-26-2023"]
[Site "Chess.com"]
[Date "2023.12.26"]
[Round "2"]
[White "wild3000"]
[Black "rezamahdavi2008"]
[Result "0-1"]
[WhiteElo "2418"]
[BlackElo "2863"]
[TimeControl "180+1"]
[EndTime "8:15:51 PST"]
[Termination "rezamahdavi2008 won by resignation"]

1. d4 Nf6 2. Nf3 e6 3. e3 c5 4. Be2 Nc6 5. O-O b6 6. b3 Be7 7. Bb2 Bb7 8. c4 d5 9. Nc3 O-O 10. cxd5 Nxd5 11. Nxd5 Qxd5 12. dxc5 Qxc5 13. Rc1 Qa5 14. a3 Rfd8 15. Qc2 Rac8 16. Bc3 Qxa3 17. Ra1 Qc5 18. Qb2 f6 19. b4 Nxb4 20. Rxa7 Qxc3 21. Qxc3 Rxc3 22. Rxb7 Bc5 23. h4 Rc2 24. Bb5 Nd5 25.
h5 Nc3 26. Bc4 Re8 27. Ra1 Rb2 28. Raa7 Bf8 29. h6 b5 30. hxg7 Rb1+ 31. Kh2 Bd6+ 32. g3 bxc4 33. Rd7 Ne4 34. Nd4 Bc5 35. Nxe6 Bxa7 36. Nf4 Bb8 37. Nh5 Rb5 38. Nf4 Bxf4 39. gxf4 Rc5 40. f3 c3 41. fxe4 c2 42. e5 c1=Q 43.
exf6 Rc2+ 44. Kg3 Qxe3+ 45. Kg4 Rg2+ 46. Kh4 Qxf4+ 0-1

[Event "Early-Titled-Tuesday-Blitz-December-26-2023"]
[Site "Chess.com"]
[Date "2023.12.26"]
[Round "2"]
[White "Ajedrez_con_German"]
[Black "AndresDelgado77"]
[Result "1-0"]
[WhiteElo "2596"]
[BlackElo "2351"]
[TimeControl "180+1"]
[EndTime "8:15:51 PST"]
[Termination "Ajedrez_con_German won on time"]

1. Nf3 d5 2. e3 Nf6 3. b3 Bf5 4.
Bb2 e6 5. g3 h6 6. Bg2 Nbd7 7.
O-O Be7 8. d3 O-O 9. Nbd2 c6 10.
Qe2 Bh7 11. e4 dxe4 12. Nxe4 a5 13. a4 Qb6 14. Nfd2 Rfd8 15. Nc4 Qc7 16. Rfe1 b5 17. axb5 cxb5 18. Nxf6+ Bxf6 19. Bxf6 Nxf6 20. Bxa8 bxc4 21. Be4 cxd3 22. cxd3 Qc3 23. Qa2 Bxe4 24. dxe4 Rd2 25. Qxa5 Qb2 26. Rf1 Ng4 27. Rab1 Qd4 28. Qa4 Qb6 29.
Qe8+ Kh7 30. Qxf7 Ne5 31. Qf4 Qd4 32. Qe3 Qb4 33. Rbd1 1-0

[Event "Early-Titled-Tuesday-Blitz-December-26-2023"]
[Site "Chess.com"]
[Date "2023.12.26"]
[Round "2"]
[White "Sofia_Blokhin"]
[Black "Aslanov_Umid"]
[Result "0-1"]
[WhiteElo "2323"]
[BlackElo "2555"]
[TimeControl "180+1"]
[EndTime "8:15:52 PST"]
[Termination "Aslanov_Umid won by checkmate"]

1. d4 d5 2. c4 c6 3. Nc3 Nf6 4.
e3 e6 5. cxd5 cxd5 6. Bd3 Nc6 7.
Nf3 Bd6 8. O-O O-O 9. Re1 a6 10. e4 dxe4 11. Nxe4 Nxe4 12. Bxe4 Be7 13. b3 Bf6 14.
Bb2 Ne7 15. Qe2 Nd5 16. Ne5 Bd7 17. Qh5 g6 18. Qg4 Bxe5 19. dxe5 Bc6 20. Rad1 Qa5 21.
Bxd5 Bxd5 22. Re3 Qxa2 23. Ba1 Bxb3 24. Rde1 Bc2 25. Qh4 Rfd8 26. Rh3 h5 27. g4 Rd1 28. Rxd1 Bxd1 29. gxh5 Qxa1 30. hxg6 Bf3# 0-1

[Event "Early-Titled-Tuesday-Blitz-December-26-2023"]
[Site "Chess.com"]
[Date "2023.12.26"]
[Round "2"]
[White "PawnEatingZombie"]
[Black "Road2GM3000"]
[Result "0-1"]
[WhiteElo "2148"]
[BlackElo "2480"]
[TimeControl "180+1"]
[EndTime "8:15:52 PST"]
[Termination "Road2GM3000 won by checkmate"]

1. e4 c5 2. c3 d5 3. exd5 Qxd5 4.
d4 Nf6 5. Nf3 Bg4 6. dxc5 Qxd1+ 7. Kxd1 e6 8. b4 a5 9. Bb5+ Nc6 10. Nd2 O-O-O 11. Bxc6 bxc6 12. Kc2 Nd5 13. a3 g6 14. Nc4 Bf5+ 15. Kb2 Nxc3 16. Nxa5 Bg7 17. Kb3 Rd3 18. Kc4 Nd5 19. Bd2 Kc7 20. Rad1 Rxa3 21. Nd4 Bd3# 0-1

[Event "Early-Titled-Tuesday-Blitz-December-26-2023"]
[Site "Chess.com"]
[Date "2023.12.26"]
[Round "2"]
[White "Aleksandar-Topalov"]
[Black "hakanazeri2"]
[Result "1-0"]
[WhiteElo "2351"]
[BlackElo "2573"]
[TimeControl "180+1"]
[EndTime "8:15:56 PST"]
[Termination "Aleksandar-Topalov won by resignation"]

1. b3 Nc6 2. Bb2 e5 3. e3 g6 4. c4 Bg7 5. Nf3 Nge7 6. d3 d6 7. a3 a5 8. Qc2 O-O 9. Be2 Be6 10. O-O Qd7 11. Nc3 d5 12. cxd5 Nxd5 13. Nxd5 Bxd5 14.
Rfd1 a4 15. Nd2 axb3 16. Nxb3 b6 17. Rac1 Bxb3 18. Qxb3 Na5 19. Qc2 c5 20. Bf3 Ra7 21. Bc3 Nb7 22. Qb2 b5 23. Bxe5 Bxe5 24. Qxe5 Rxa3 25.
Qe4 Nd6 26. Qd5 Rb8 27. Rxc5 b4 28. Rc6 b3 29. Rxd6 Qc7 30. Rd7 Qc2 31. Qxf7+ 1-0

[Event "Early-Titled-Tuesday-Blitz-December-26-2023"]
[Site "Chess.com"]
[Date "2023.12.26"]
[Round "2"]
[White "noblerone"]
[Black "Felix-Rose"]
[Result "1-0"]
[WhiteElo "2521"]
[BlackElo "2252"]
[TimeControl "180+1"]
[EndTime "8:15:57 PST"]
[Termination "noblerone won by resignation"]

1. d4 d5 2. Nf3 Nf6 3. Bg5 Ne4 4. Bf4 c5 5. e3 Qb6 6. Nc3 Qxb2 7. Nxd5 Nc3 8.
Nc7+ Kd8 9. Qc1 Qxc1+ 10. Rxc1 e5 11. Bxe5 Nc6 12. Nxa8 Nxe5 13. Nxe5 Be6 14. Bc4 Bxc4 15. Nxc4 cxd4 16. a3 f6 17. exd4 b5 18. Kd2 Ne4+ 19. Ke3 Nc3 20. Kd3 Nd5 21. Ne3 Nxe3 22. fxe3 Kd7 23.
Rb1 a6 1-0

[Event "Early-Titled-Tuesday-Blitz-December-26-2023"]
[Site "Chess.com"]
[Date "2023.12.26"]
[Round "2"]
[White "Matols"]
[Black "slidingknight2775"]
[Result "0-1"]
[WhiteElo "2398"]
[BlackElo "2679"]
[TimeControl "180+1"]
[EndTime "8:16:00 PST"]
[Termination "slidingknight2775 won by resignation"]

1. d4 d5 2. c4 e6 3. Nf3 Nf6 4.
g3 dxc4 5. Bg2 c6 6. Ne5 Bb4+ 7. Nc3 Nd5 8. Bd2 b5 9. O-O Bxc3 10. bxc3 O-O 11.
e4 Ne7 12. Qh5 f6 13. Nf3 Qe8 14. Qxe8 Rxe8 15. a4 Bb7 16. Bf4 Nd7 17. Bd6 a5 18.
Rfb1 Ba6 19. axb5 cxb5 20. Rxa5 Nc6 21. Ra2 Nb6 22. h4 Na4 23. Rc1 Na5 24. e5 Nb3 25. Rcc2 Bb7 26. Nd2 Bxg2 27. Kxg2 Nxd2 28. Rxd2 Nxc3 29.
Rxa8 Rxa8 30. Bb4 Nd5 31. Bc5 b4 32. Rc2 b3 33. Rb2 fxe5 34. dxe5 Ra2 35. Rb1 b2 36.
Kf3 c3 0-1

[Event "Early-Titled-Tuesday-Blitz-December-26-2023"]
[Site "Chess.com"]
[Date "2023.12.26"]
[Round "2"]
[White "Ducke13"]
[Black "Ali_rastbod"]
[Result "0-1"]
[WhiteElo "2387"]
[BlackElo "2720"]
[TimeControl "180+1"]
[EndTime "8:16:00 PST"]
[Termination "Ali_rastbod won on time"]

1. d4 g6 2. g3 c5 3. d5 b5 4. a4 b4 5. c4 Bg7 6. Bg2 d6 7. Nh3 Nf6 8. O-O O-O 9. b3 Ne4 10. Ra2 Nc3 11. Nxc3 bxc3 12. Qe1 Na6 13. Rc2 Nb4 14. Rxc3 Na2 15. Bb2 Nxc3 16. Bxc3 Bxc3 17. Qxc3 Rb8 18. Qe3 Bxh3 19. Bxh3 Qb6 20. Rb1 Rfe8 21.
Bd7 Red8 22. Bc6 e5 23. h4 Qc7 24. Qg5 Kg7 25. h5 h6 26. Qh4 f5 27. hxg6 Rf8 28. Kg2 Qd8 29. Qxd8 Rfxd8 30. a5 Rb4 31. a6 Rb6 32. Bb7 Kxg6 33. f4 exf4 34. gxf4 Kf6 35. Kf3 Rh8 36. e3 h5 37. Kg3 h4+ 38. Kh3 Re8 0-1

[Event "Early-Titled-Tuesday-Blitz-December-26-2023"]
[Site "Chess.com"]
[Date "2023.12.26"]
[Round "2"]
[White "krasavetc"]
[Black "Lion_DL"]
[Result "1-0"]
[WhiteElo "2648"]
[BlackElo "2362"]
[TimeControl "180+1"]
[EndTime "8:16:01 PST"]
[Termination "krasavetc won by checkmate"]

1. e4 c5 2. Nf3 e6 3. d4 cxd4 4.
Nxd4 a6 5. Bd3 Nf6 6. O-O Qc7 7. Nc3 Nc6 8. Nxc6 dxc6 9. f4 Bc5+ 10. Kh1 e5 11. f5 O-O 12. g4 Nd7 13. g5 b5 14.
Qh5 Bb7 15. f6 Rfd8 16. fxg7 Nb6 17. Rf3 Bc8 18. Ne2 Nc4 19. Ng3 Nd6 20. Qh4 Ne8 21.
Nh5 Bd4 22. Nf6+ Nxf6 23. Rxf6 Rd6 24. Bd2 c5 25. Raf1 c4 26. Rxf7 Qxf7 27. Rxf7 Kxf7 28. Qxh7 Bf5 29. g8=Q# 1-0

[Event "Early-Titled-Tuesday-Blitz-December-26-2023"]
[Site "Chess.com"]
[Date "2023.12.26"]
[Round "2"]
[White "The_Straightforward_Rook"]
[Black "roxannyzoldyck"]
[Result "1-0"]
[WhiteElo "2516"]
[BlackElo "2240"]
[TimeControl "180+1"]
[EndTime "8:16:01 PST"]
[Termination "The_Straightforward_Rook won by resignation"]

1. e4 c5 2. c3 Nf6 3. e5 Nd5 4. Nf3 d6 5. Bc4 dxe5 6. Nxe5 e6 7. O-O Be7 8. d4 cxd4 9. cxd4 O-O 10. Nc3 Nc6 11.
Nxd5 exd5 12. Nxc6 bxc6 13. Bd3 Rb8 14. Qc2 h6 15. b3 Be6 16. Qxc6 Qa5 17. Bf4 Rfc8 18. Qa6 Qc3 19. Bxb8 Rxb8 20. Qxa7 Bd6 21. Rad1 Rc8 22. Bb1 Bg4 23. f3 Be6 24. Rfe1 Bb4 25. Qa6 Rc6 26. Qd3 Qxd3 27. Bxd3 Bxe1 28. Rxe1 Kf8 29. Kf2 Ke7 30. Ke3 Kd6 31. Kd2 Rc7 32. a4 Rb7 33. Bb5 Bf5 34. Rc1 Bd7 35. Bxd7 Kxd7 36.
Rc3 Kd6 37. Kc2 Rb4 38. Kd3 Rb7 39. a5 Rb5 40. Rc5 Rxc5 41. dxc5+ Kxc5 42. b4+ Kb5 43. Kd4 1-0

[Event "Early-Titled-Tuesday-Blitz-December-26-2023"]
[Site "Chess.com"]
[Date "2023.12.26"]
[Round "2"]
[White "Magila31"]
[Black "Onischuk_V"]
[Result "0-1"]
[WhiteElo "2345"]
[BlackElo "2706"]
[TimeControl "180+1"]
[EndTime "8:16:02 PST"]
[Termination "Onischuk_V won by resignation"]

1. Nf3 g6 2. g3 Bg7 3. Bg2 d6 4.
O-O Nf6 5. d4 O-O 6. c3 Nc6 7.
Nbd2 e5 8. e4 a5 9. d5 Ne7 10.
a4 Ne8 11. Ne1 f5 12. f3 f4 13. Nd3 g5 14. g4 Nf6 15. b4 h5 16. h3 Ng6 17.
Nf2 Rf7 18. Nc4 axb4 19. cxb4 Bf8 20. b5 Rh7 21. b6 cxb6 22. Qb3 Ra6 23. Rb1 Nd7 24. Ba3 Nc5 25. Bxc5 bxc5 26. a5 Nh4 27. Bh1 Rf7 28. Rb2 hxg4 29. Nxg4 Rh7 30. Ra1 Ng6 31. Bg2 Bxg4 32. hxg4 Qe8 33. Qb5 Qe7 34. Rab1 Qd8 35. Bf1 Nh4 36. Kf2 Ra8 37. Qb6 Qf6 38. Ke1 Nxf3+ 0-1

[Event "Early-Titled-Tuesday-Blitz-December-26-2023"]
[Site "Chess.com"]
[Date "2023.12.26"]
[Round "2"]
[White "YouJustFoundYourGodfather"]
[Black "Ryukchess81"]
[Result "1-0"]
[WhiteElo "2618"]
[BlackElo "2353"]
[TimeControl "180+1"]
[EndTime "8:16:05 PST"]
[Termination "YouJustFoundYourGodfather won by resignation"]

1. c4 e6 2. e4 d5 3. exd5 exd5 4. Qb3 Nf6 5. d4 Be7 6. Nc3 O-O 7. cxd5 Nbd7 8. Be2 Nb6 9. Bf3 Qd6 10. Nge2 Rd8 11. Bf4 Qd7 12. O-O h6 13. Rac1 Bd6 14. Be5 Ng4 15.
Bg3 Bxg3 16. hxg3 Nf6 17. Nf4 g5 18. Nd3 Nfxd5 19. Nxd5 Nxd5 20. Ne5 Qd6 21. Bxd5 Qxd5 22. Qxd5 Rxd5 23. Rxc7 Be6 24. Rxb7 Rxd4 25. a3 a5 26. Rc1 Re4 27. Nc6 Kg7 28. f3 Re2 29. Nd4 Re5 30. Rc5 Kf6 31. Rxe5 Kxe5 32. Nxe6 fxe6 33. a4 Kf6 34. Rb5 Ra6 35. g4 Ra8 36. Kh2 Ra7 37. Kg3 Ra8 38. b3 Ra7 39. Kf2 Ra8 40. Ke2 Ra7 41. Ke3 Ra8 42. Ke4 Ra7 43.
g3 Ra8 44. f4 Ra7 45. f5 Ra8 46. Rb6 1-0

[Event "Early-Titled-Tuesday-Blitz-December-26-2023"]
[Site "Chess.com"]
[Date "2023.12.26"]
[Round "2"]
[White "Szparu"]
[Black "Siniauski"]
[Result "1-0"]
[WhiteElo "2869"]
[BlackElo "2594"]
[TimeControl "180+1"]
[EndTime "8:16:08 PST"]
[Termination "Szparu won by resignation"]

1. e4 e6 2. d4 d5 3. e5 c5 4. c3 Qb6 5. Nf3 Bd7 6. Bd3 Bb5 7.
dxc5 Bxc5 8. b4 Bf8 9. Be3 Qa6 10. Bxb5+ Qxb5 11. Na3 Qd7 12. O-O Nc6 13. Qe2 Nge7 14. c4 Nxb4 15. Nb5 Nf5 16. a3 Nc6 17. cxd5 exd5 18.
Rfd1 Rc8 19. Bxa7 Nxa7 20. Nxa7 Rc5 21. g4 Nh6 22. Nd4 Qxg4+ 23. Qxg4 Nxg4 24. Rab1 Nxe5 25. Re1 Bd6 26. f4 Rc4 27. Nab5 O-O 28. Nxd6 Rxd4 29. fxe5 Ra8 30. Rxb7 Rf4 31. Rf1 Rg4+ 32. Kh1 f6 33.
e6 Rg5 34. Re1 1-0

[Event "Early-Titled-Tuesday-Blitz-December-26-2023"]
[Site "Chess.com"]
[Date "2023.12.26"]
[Round "2"]
[White "JoliyRoger"]
[Black "Karacsonyi_Gellert"]
[Result "0-1"]
[WhiteElo "2520"]
[BlackElo "2737"]
[TimeControl "180+1"]
[EndTime "8:16:11 PST"]
[Termination "Karacsonyi_Gellert won on time"]

1. d4 Nf6 2. c4 e6 3. Nf3 d5 4. Nc3 Nbd7 5. e3 Be7 6. b3 O-O 7. Bb2 b6 8. Bd3 Bb7 9. O-O Rc8 10. Qe2 c5 11. Rac1 Ne4 12. cxd5 exd5 13. Ba6 Nxc3 14.
Bxc3 Qc7 15. h3 Nf6 16. dxc5 bxc5 17. Ba5 Qb8 18. Rfd1 c4 19. Bxb7 Qxb7 20. Nd4 cxb3 21. axb3 Ne4 22. Qg4 Bf6 23. Rxc8 Rxc8 24. b4 g6 25. h4 h5 26. Qf4 Qe7 27. Nf3 Nc3 28. Re1 Kg7 29. Ng5 Ne2+ 30. Rxe2 Rc1+ 31. Kh2 Be5 32. Nh3 Bxf4+ 33. Nxf4 Qxh4+ 34. Nh3 g5 35. g3 Qe4 0-1

[Event "Early-Titled-Tuesday-Blitz-December-26-2023"]
[Site "Chess.com"]
[Date "2023.12.26"]
[Round "2"]
[White "tylityli"]
[Black "Kimster98"]
[Result "0-1"]
[WhiteElo "2251"]
[BlackElo "2689"]
[TimeControl "180+1"]
[EndTime "8:16:13 PST"]
[Termination "Kimster98 won on time"]

1. d4 d6 2. e4 Nf6 3. Nc3 e5 4. Nf3 Nbd7 5. g3 Be7 6. Bg2 O-O 7. O-O c6 8. a4 b6 9. Nh4 g6 10. Bh6 Re8 11. h3 Bb7 12. Re1 a6 13. Qd2 Qc7 14.
Rad1 b5 15. axb5 axb5 16. d5 b4 17. Ne2 cxd5 18. exd5 Nb6 19. Qxb4 Nfxd5 20. Qd2 Nc4 21. Qc1 Bxh4 22. Bxd5 Bxd5 23. Rxd5 Be7 24. b3 Nb6 25. Rd3 d5 26. c4 dxc4 27. bxc4 Qxc4 28. Qxc4 Nxc4 29. Rdd1 Red8 30. Nc3 Bb4 31. Rxd8+ Rxd8 32. Rc1 Bxc3 33. Rxc3 Nd6 34. Rc2 Nf5 35. Bg5 Rf8 36.
Kg2 f6 37. Be3 Kg7 38. Kf3 Rf7 39. g4 Nd6 40. Rc6 Rd7 41. Bc5 Nf7 42. Be3 Rb7 43. h4 h5 44. Rc4 hxg4+ 0-1

[Event "Early-Titled-Tuesday-Blitz-December-26-2023"]
[Site "Chess.com"]
[Date "2023.12.26"]
[Round "2"]
[White "GMT4114"]
[Black "OneTrickPony_82"]
[Result "0-1"]
[WhiteElo "2027"]
[BlackElo "2452"]
[TimeControl "180+1"]
[EndTime "8:16:13 PST"]
[Termination "OneTrickPony_82 won by resignation"]

1. e4 e5 2. Bc4 Nf6 3. d3 Nc6 4. Nc3 Na5 5. Bb3 Nxb3 6. axb3 d5 7. Nf3 d4 8. Ne2 Bd6 9. O-O c5 10. h3 Be6 11. Ng3 h6 12. Qe2 Qd7 13. Bd2 O-O 14. Nh4 Rfe8 15. Qf3 Nh7 16. Nhf5 Bf8 17. Qg4 Kh8 18. Qe2 a6 19. f4 exf4 20. Bxf4 Bxf5 21. Nxf5 Qxf5 22. Bxh6 Qg6 23. Bd2 Bd6 24. Qf3 f6 25. Rae1 Qg3 26. Qxg3 Bxg3 27. Re2 Nf8 28. Rf3 Bc7 29. g4 Ne6 30. h4 Kg8 31. Rg2 Rf8 32. g5 fxg5 33. Rxf8+ Rxf8 34. hxg5 Bf4 0-1